 Dungeon Crawl Stone Soup version 0.30-a0-830-gfe289a77b0 (webtiles) character file.

Game seed: 10634110954606686422

33455 Newt the Markskobold (level 14, -2/75 HPs)
             Began as a Kobold Hunter on Feb 28, 2023.
             Was an Elder of Hepliaklqana.
             Slain by an orc knight
             ... wielding a +1 heavy great sword
              (35 damage)
             ... on level 2 of the Orcish Mines.
             The game lasted 00:24:39 (18167 turns).

Newt the Markskobold (Kobold Hunter)               Turns: 18167, Time: 00:24:39

Health: -2/75      AC: 14    Str:  8    XL:     14   Next: 8%
Magic:  23/23      EV: 26    Int: 10    God:    Hepliaklqana [****..]
Gold:   2126       SH:  0    Dex: 24    Spells: 25/25 levels left

rFire   . . .      SeeInvis .    a - +1 shortbow (flame)
rCold   . . .      Faith    .    (shield currently unavailable)
rNeg    . . .      Spirit   .    i - +3 troll leather armour
rPois   +          Reflect  .    B - +1 helmet
rElec   .          Harm     .    K - scarf {repulsion}
rCorr   .          Rampage  .    y - +0 pair of gloves
Will    +....                    o - +2 pair of boots
Stlth   +++++                    A - amulet of magic regeneration
HPRegen 1.12/turn                j - ring of poison resistance
MPRegen 0.58/turn                J - ring of wizardry

@: repel missiles
A: reduced essence, small, no large weapons, nightstalker 3
a: Renounce Religion, Recall Ancestor, Ancestor Identity, Transference, Idealise


You were on level 2 of the Orcish Mines.
You worshipped Hepliaklqana.
Hepliaklqana was greatly pleased with you.
You visited 3 branches of the dungeon, and saw 16 of its levels.

You collected 2262 gold pieces.
You spent 136 gold pieces at shops.

Inventory:

Hand Weapons
 a - a +1 shortbow of flaming (weapon)
 b - a +1 shortbow of freezing
 f - a +0 sling
 O - the +6 dagger of Disgust {vamp, rF+ Str+3 Stlth+}
   (You found it on level 11 of the Dungeon)

   Str:       It affects your strength (+3).
   rF:        It protects you from fire.
   Stlth:     It makes you more stealthy.
Missiles
 m - a throwing net
Armour
 c - a +1 leather armour
 i - a +3 troll leather armour (worn)
 o - a +2 pair of boots (worn)
 t - a +1 animal skin
 u - a +0 helmet
 y - a +0 pair of gloves (worn)
 B - a +1 helmet (worn)
 K - a scarf of repulsion (worn)
 S - a +0 cloak
Jewellery
 j - a ring of poison resistance (left hand)
 l - a ring of flight
 q - a ring of ice
 A - an amulet of magic regeneration (around neck)
 J - a ring of wizardry (right hand)
Wands
 k - a wand of polymorph (11)
 w - a wand of roots (17)
 C - a wand of flame (15)
 E - a wand of mindburst (9)
 Q - a wand of acid (5)
 T - a wand of paralysis (5)
Scrolls
 d - 3 scrolls of noise
 g - 5 scrolls of amnesia
 x - 4 scrolls of immolation
 D - 2 scrolls of poison
 F - 2 scrolls of fear
 H - a scroll of teleportation
 L - a scroll of magic mapping
 N - 2 scrolls of fog
Potions
 e - 3 potions of attraction
 h - 3 potions of might
 n - 8 potions of curing
 p - 2 potions of berserk rage
 s - 2 potions of brilliance
 z - 3 potions of resistance
 I - 2 potions of magic
 R - 3 potions of mutation {unknown}
 U - a potion of flight {unknown}


   Skills:
 - Level 8.0 Fighting
 - Level 16.0 Ranged Weapons
 - Level 5.0 Armour
 - Level 14.0 Dodging
 - Level 6.0 Stealth
 - Level 6.0 Spellcasting
 - Level 9.0 Invocations
 + Level 9.5 Evocations


You had 25 spell levels left.
You didn't know any spells.
Your spell library contained the following spells:

 Spells                   Type           Power      Damage    Failure   Level
 Foxfire                  Conj/Fire      12%        2x1d4     12%         1
 Blink                    Tloc           6%         N/A       16%         2
 Gell's Gravitas          Tloc           3%         N/A       32%         3
 Teleport Other           Tloc           3%         N/A       32%         3
 Manifold Assault         Tloc           3%         N/A       69%         4
 Fireball                 Conj/Fire      1%         3d3       95%         5
 Dispersal                Tloc           1%         N/A       100%        6
 Starburst                Conj/Fire      1%         6d3       100%        6
 Storm Form               Tmut/Air       1%         N/A       100%        7
 Disjunction              Tloc           1%         N/A       100%        8


Dungeon Overview and Level Annotations

Branches:
Dungeon (13/15)            Temple (1/1) D:6            Lair (0/5) D:8
    Orc (2/2) D:10            Elf (0/3) Orc:2
 Vaults: D:13-14

Altars:
Dithmenos
Fedhas
Gozag
Hepliaklqana
Kikubaaqudgha
Makhleb
Nemelex Xobeh
Okawaru
Qazlal
Sif Muna
Uskayaw
Vehumet
Wu Jian
Xom
Yredelemnul
The Shining One

Shops:
D:6 (

Annotations:
D:3 1 runed translucent door
D:9 2 transporters, asti's ghost, novice MiBe
D:10 exclusion: orange crystal statue
D:11 3 runed translucent doors, Airmonger's ghost, journeyman HOFi


Innate Abilities, Weirdness & Mutations

Your life essence is reduced to manifest your ancestor. (-10% HP)
You are small and have problems with some larger weapons.
You are completely attuned to the shadows.


Message History

The orc warrior closely misses Ramose.
Fire: a) +1 shortbow (flame)
Press: ? - help, Shift-Dir - straight line, f/p - orc knight
Aim: an orc knight, wielding a +2 great mace and wearing a +0 plate armour (moderately wounded, strong, 74% to hit)
You shoot an arrow.
The arrow hits the orc knight but does no damage.
The orc knight is moderately wounded.
Ramose hits the orc knight with a +0 flail!
Fire: a) +1 shortbow (flame)
Press: ? - help, Shift-Dir - straight line, f/p - orc knight
Aim: an orc knight, wielding a +2 great mace and wearing a +0 plate armour (moderately wounded, strong, 74% to hit)
You shoot an arrow. The arrow hits the orc knight!
The arrow burns the orc knight.
The orc knight is heavily wounded.
The orc knight hits Ramose with a +0 great sword!!!
An orc priest comes into view. It is wielding a +0 trident.
Fire: a) +1 shortbow (flame)
Press: ? - help, Shift-Dir - straight line, f/p - orc knight
Aim: an orc knight, wielding a +2 great mace and wearing a +0 plate armour (heavily wounded, strong, 74% to hit)
You shoot an arrow.
The arrow hits the orc knight but does no damage.
The orc knight is heavily wounded.
Ramose hits the orc knight with a +0 flail.
The orc knight hits Ramose with a +0 great sword!
Ramose is destroyed!
The orc knight completely misses you.
Fire: a) +1 shortbow (flame)
Press: ? - help, Shift-Dir - straight line, f/p - orc knight
Aim: an orc knight, wielding a +2 great mace and wearing a +0 plate armour (heavily wounded, strong, 74% to hit)
You shoot an arrow.
The arrow hits the orc knight but does no damage.
The orc knight is heavily wounded.
The orc knight hits you with a +2 great mace!!!
The orc priest calls down the wrath of Beogh upon you.
Beogh smites you!
An orc sorcerer comes into view. It is wielding a +0 dagger.
The orc sorcerer moves out of view.
The orc knight attacks as you move away!
The orc knight hits you with a +1 heavy great sword!!
You die...

##... ##..
##. ## #
#####
###...##
##...o..##
##
#..o.o@..##
### ##.
.÷o)##..).#
##.## #..
.)o#
##.).##
##...###..


)÷o #....###...###... ÷. ##.).......###... #.........#.).). #....)).))..).##
#............### #....##.#.....## You could see 3 orc knights and an orc priest
(strong).

Vanquished Creatures
  An orc warlord (D:10)
  Nessos (Orc:2)
  5 two-headed ogres
  2 orc high priests
  5 death yaks
  Pikel (D:8)
  An orc knight (Orc:2)
  A deep elf pyromancer (D:12)
  3 orc sorcerers
  2 cyclopes (D:11)
  A manticore (D:13)
  Maurice (Orc:1)
  2 ugly things
  A gargoyle (D:12)
  A komodo dragon (D:12)
  A hornet (D:8)
  4 trolls
  Grinder (D:3)
  Prince Ribbit (D:5)
  2 vampires (D:11)
  Sigmund (D:3)
  A shadow (D:9)
  2 wraiths
  3 wyverns
  23 yaks
  2 wargs (Orc:1)
  Menkaure (D:5)
  A water moccasin (D:5)
  15 orc warriors
  An ice beast (D:7)
  A black bear (D:6)
  2 ogres
  3 centaurs
  3 lemures (D:8)
  A kobold brigand (D:4)
  A phantom (D:4)
  4 bullfrogs
  2 scorpions
  13 wights
  14 killer bees
  The ghost of zenocrate the Shooter, a weakling BaHu (D:3)
  9 howler monkeys
  2 jellies
  4 gnoll boudas
  8 orc priests
  4 hounds
  Natasha (twice) (D:2)
  Terence (D:3)
  An iguana (D:5)
  10 orc wizards
  Robin (D:4)
  20 gnolls
  13 adders
  A river rat (D:3)
  A white imp (D:7)
  2 worms
  3 dart slugs
  48 orcs
  16 ball pythons
  8 bats
  11 endoplasms
  2 giant cockroaches (D:1)
  6 hobgoblins
  5 kobolds
  7 quokkas
  21 goblins
  4 rats
342 creatures vanquished.

Vanquished Creatures (collateral kills)
  An orc warlord (Orc:2)
  2 two-headed ogres
  An orc high priest (Orc:2)
  2 orc sorcerers
  A deep elf pyromancer (D:13)
  A cyclops (D:9)
  A komodo dragon (D:12)
  3 trolls
  A wraith (D:9)
  7 yaks
  2 vampire mosquitoes (D:13)
  9 orc warriors
  2 wights
  2 killer bees (D:10)
  A howler monkey (D:8)
  A jelly (D:7)
  An electric eel (D:9)
  5 orc priests
  5 orc wizards
  A gnoll (Orc:1)
  11 orcs
60 creatures vanquished.

Vanquished Creatures (others)
  A yak (D:9)
  6 knights
  10 ancestors
  10 plants
27 creatures vanquished.

Grand Total: 429 creatures vanquished

Notes
Turn   | Place    | Note
-------+----------+-------------------------------------------
     0 | D:1      | Newt the Kobold Hunter began the quest for the Orb.
     0 | D:1      | Reached XP level 1. HP: 12/12 MP: 1/1
   311 | D:1      | Reached XP level 2. HP: 18/18 MP: 2/2
   596 | D:1      | Reached XP level 3. HP: 1/23 MP: 3/3
  1361 | D:2      | Noticed Natasha
  1367 | D:2      | Killed Natasha
  1368 | D:2      | Reached XP level 4. HP: 20/30 MP: 4/4
  1408 | D:2      | Found a stormy altar of Qazlal.
  1696 | D:2      | Reached skill level 5 in Fighting
  1698 | D:2      | Found a faded altar of an unknown god.
  1871 | D:2      | Reached XP level 5. HP: 35/35 MP: 5/5
  1917 | D:2      | Reached skill level 6 in Ranged Weapons
  2260 | D:2      | Noticed Natasha
  2267 | D:2      | Killed Natasha
  2404 | D:2      | Reached skill level 7 in Ranged Weapons
  2404 | D:2      | Reached XP level 6. HP: 40/40 MP: 6/6
  2536 | D:3      | Noticed Sigmund
  2538 | D:3      | Killed Sigmund
  2539 | D:3      | Reached skill level 8 in Ranged Weapons
  2607 | D:3      | Reached XP level 7. HP: 44/44 MP: 7/7
  2807 | D:3      | Found an iron altar of Okawaru.
  2823 | D:3      | Found a runed translucent door.
  2854 | D:3      | Noticed Terence
  2864 | D:3      | Killed Terence
  2876 | D:3      | Found a runed translucent door.
  3083 | D:3      | Noticed Grinder
  3099 | D:3      | Paralysed by Grinder for 4 turns
  3107 | D:3      | Paralysed by Grinder for 3 turns
  3116 | D:3      | Paralysed by Grinder for 3 turns
  3126 | D:3      | Killed Grinder
  3127 | D:3      | Reached skill level 10 in Ranged Weapons
  3695 | D:3      | Noticed zenocrate's ghost (weakling BaHu)
  3710 | D:3      | Killed zenocrate's ghost
  4056 | D:4      | Noticed Robin
  4058 | D:4      | Killed Robin
  4059 | D:4      | Reached XP level 8. HP: 49/49 MP: 8/8
  4267 | D:4      | Reached skill level 5 in Dodging
  4696 | D:5      | Entered Level 5 of the Dungeon
  5203 | D:5      | Reached skill level 11 in Ranged Weapons
  5282 | D:5      | Reached XP level 9. HP: 50/54 MP: 9/9
  5656 | D:5      | Noticed Prince Ribbit
  5663 | D:5      | Killed Prince Ribbit
  5664 | D:5      | Reached skill level 12 in Ranged Weapons
  5823 | D:5      | Noticed Menkaure
  5827 | D:5      | Killed Menkaure
  5872 | D:5      | Found a sparkling altar of Nemelex Xobeh.
  6041 | D:6      | Found a staircase to the Ecumenical Temple.
  6047 | Temple   | Entered the Ecumenical Temple
  6188 | Temple   | Became a worshipper of Hepliaklqana the Forgotten
  6366 | D:6      | Found Ralol's Weapon Shoppe.
  6371 | D:6      | Bought a +1 shortbow of freezing for 136 gold pieces
  6381 | D:6      | Reached skill level 13 in Ranged Weapons
  6667 | D:6      | You are sucked into a shaft and drop 1 floor!
  6696 | D:7      | Noticed a troll
  6711 | D:7      | Killed a troll
  7042 | D:7      | Found a blossoming altar of Fedhas.
  7070 | D:7      | Reached * piety under Hepliaklqana
  7164 | D:7      | Reached skill level 14 in Ranged Weapons
  7175 | D:7      | HP: 2/48 [poisoned by a killer bee]
  7680 | D:7      | Reached XP level 10. HP: 56/56 MP: 10/10
  7879 | D:7      | Reached skill level 1 in Evocations
  8186 | D:8      | Noticed a death yak
  8192 | D:8      | Noticed a death yak
  8374 | D:8      | Noticed Pikel
  8392 | D:8      | Killed Pikel
  8453 | D:8      | Noticed a death yak
  8484 | D:8      | Noticed a death yak
  8493 | D:8      | Noticed a two-headed ogre
  8922 | D:8      | Found a staircase to the Lair.
  9143 | D:8      | Killed a two-headed ogre
  9144 | D:8      | Reached skill level 10 in Dodging
  9200 | D:8      | Noticed a death yak
  9204 | D:8      | Killed a death yak
  9205 | D:8      | Reached skill level 5 in Stealth
  9205 | D:8      | Reached XP level 11. HP: 61/61 MP: 11/11
  9230 | D:7      | Killed a death yak
  9518 | D:8      | Killed a death yak
  9519 | D:8      | Reached skill level 15 in Ranged Weapons
  9979 | D:8      | Killed a death yak
 10061 | D:8      | Killed a death yak
 10068 | D:8      | Reached skill level 16 in Ranged Weapons
 10206 | D:9      | Noticed a two-headed ogre
 10214 | D:9      | Killed a two-headed ogre
 10575 | D:9      | Found a basalt altar of Yredelemnul.
 10719 | D:9      | Noticed a cyclops
 10727 | D:9      | Killed a cyclops
 10956 | D:9      | Found a transporter.
 11103 | D:9      | Noticed asti's ghost (novice MiBe)
 11111 | D:9      | Found a transporter.
 11261 | D:9      | Reached ** piety under Hepliaklqana
 11262 | D:9      | Remembered your ancestor Ramose as a knight
 11356 | D:9      | Reached XP level 12. HP: 65/65 MP: 12/12
 11479 | D:10     | Entered Level 10 of the Dungeon
 11702 | D:10     | Reached skill level 5 in Armour
 11705 | D:10     | Reached skill level 1 in Spellcasting
 12242 | D:10     | Reached skill level 5 in Spellcasting
 12479 | D:10     | Found a staircase to the Orcish Mines.
 12555 | D:10     | Found an ornate altar of the Wu Jian Council.
 12562 | D:10     | Found a burning altar of Makhleb.
 12566 | D:10     | Found a radiant altar of Vehumet.
 12567 | D:10     | Found a shimmering blue altar of Sif Muna.
 12659 | D:11     | Reached skill level 1 in Invocations
 12746 | D:11     | Identified a scroll of acquirement
 12748 | D:11     | Acquired 1009 gold pieces
 13074 | D:11     | Reached skill level 5 in Invocations
 13087 | D:11     | Noticed a two-headed ogre
 13091 | D:11     | Killed a two-headed ogre
 13129 | D:11     | Found a runed translucent gate.
 13129 | D:11     | Found a runed translucent gate.
 13129 | D:11     | Found a runed translucent gate.
 13134 | D:11     | Noticed Airmonger's ghost (journeyman HOFi)
 13136 | D:11     | Noticed a two-headed ogre
 13141 | D:11     | Killed a two-headed ogre
 13299 | D:11     | Noticed a two-headed ogre
 13305 | D:11     | Killed a two-headed ogre
 13594 | D:11     | Reached *** piety under Hepliaklqana
 13709 | D:11     | Identified the +6 dagger of Disgust {vamp, rF+ Str+3
                  | Stlth+}
 13779 | D:11     | Noticed a 12-headed hydra
 13928 | D:11     | Noticed a ten-headed hydra
 14027 | D:12     | Reached XP level 13. HP: 70/70 MP: 22/22
 15094 | D:13     | Reached **** piety under Hepliaklqana
 15288 | D:13     | Noticed a vault guard
 15288 | D:13     | Noticed a vault guard
 15410 | Orc:1    | Entered Level 1 of the Orcish Mines
 15410 | Orc:1    | Noticed an orc warlord
 15456 | D:10     | Killed an orc warlord
 16280 | Orc:1    | Noticed Maurice
 16331 | Orc:1    | Killed Maurice
 16604 | Orc:2    | Entered Level 2 of the Orcish Mines
 16604 | Orc:2    | Noticed an orc warlord
 16604 | Orc:2    | Found a staircase to the Elven Halls.
 16605 | Orc:2    | Paralysed by an orc sorcerer for 2 turns
 17334 | Orc:2    | Noticed Nessos
 17345 | Orc:2    | Killed Nessos
 17717 | Orc:2    | Killed an orc warlord
 18065 | Orc:2    | Reached XP level 14. HP: 58/75 MP: 23/23
 18167 | Orc:2    | Slain by an orc knight

Illustrated notes

Levels and vault maps discovered:
D:1:      minmay_arrival_jagged, layout_loops_corners, minmay_misc_feat_columns,
          minmay_misc_feat_iff, minmay_octomino_e4
D:2:      layout_basic, nicolae_ecumenical_snake_handling, basic_altar,
          minmay_statues_item, minmay_3d_cube, uniq_natasha
D:3:      layout_basic, kennysheep_okawaru_gauntlet, ebering_ghost_sewer_f,
          minivault_5, uniq_sigmund, uniq_grinder, uniq_terence
D:4:      layout_loops_ring, uniq_robin
D:5:      layout_cave_pods, mainiacjoe_overflow_brackets, uniq_prince_ribbit1,
          uniq_menkaure
D:6:      layout_gridville, trog_hazing_becter,
          minmay_temple_entry_gardened_gates, serial_shops,
          kennysheep_little_box, nrook_campfire
D:7:      layout_basic, mainiacjoe_overflow_cross_hatched
D:8:      layout_rooms, dpeg_lair_monsters, uniq_pikel
D:9:      layout_gridville, mainiacjoe_overflow_paths, gammafunk_ghost_arena,
          serial_bayou, serial_bayou_pond_e, serial_bayou_pond_d,
          serial_bayou_shore_b, serial_bayou_shore_a, serial_bayou_pond_e
D:10:     layout_loops_ring, minitemple, orc_0_dummy, minivault_16,
          minmay_misc_feat_rows
D:11:     layout_irregular_city, gammafunk_ghost_hydra_chop,
          nicolae_concentric_dashed_squares_wild, minmay_bent
D:12:     layout_irregular_city, david_defended_altar_orc
D:13:     hellmonk_paralyzer, layout_basic, ximxim_vaults_locker_room
Temple:   oiseaux_autumnal_temple
Orc:1:    layout_diamond_mine, uniq_maurice
Orc:2:    grunt_orc_tribal_feast, layout_diamond_mine, uniq_nessos

Skill      XL: |  1  2  3  4  5  6  7  8  9 10 11 12 13 14 |
---------------+-------------------------------------------+-----
Fighting       | 3 4 5 7 8 |  8.0
Ranged Weapons | 7 8 10 11 14 16 | 16.0
Dodging        | 4 7 10 14 | 14.0
Evocations     | 6 8 9 |  9.5
Stealth        | 5 6 |  6.0
Armour         | 4 5 |  5.0
Spellcasting   | 6 |  6.0
Invocations    | 8 9 |  9.0

Action                     |  1- 3 |  4- 6 |  7- 9 | 10-12 | 13-15 || total
---------------------------+-------+-------+-------+-------+-------++-------
  Melee: Shortbow          |       |       |     4 |       |       ||     4
   Fire: Shortbow          |    64 |    97 |   326 |   536 |   451 ||  1474
 Invoke: Recall Ancestor   |       |       |       |     3 |     4 ||     7
         Ancestor Life: Kn |       |       |       |     1 |       ||     1
         Transference      |       |       |       |       |     2 ||     2
  Evoke: Wand              |       |       |       |     6 |     9 ||    15
    Use: Potion            |     1 |       |     9 |       |     6 ||    16
         Scroll            |     2 |     2 |    12 |     9 |     4 ||    29
 Armour: Leather armour    |     7 |     7 |     9 |       |       ||    23
         Animal skin       |       |       |    24 |    17 |     5 ||    46
         Troll leather arm |       |       |       |       |    18 ||    18
         Skin              |       |       |       |       |     5 ||     5
  Dodge: Dodged            |    37 |    28 |   186 |   146 |   175 ||   572

Table legend: (Time is in decaauts)
 A = Elapsed time spent in this place.
 B = Non-inter-level travel time spent in this place.
 C = Inter-level travel time spent in this place.
 D = Time resting spent in this place.
 E = Time spent auto-exploring this place.
 F = Levels seen in this place.
 G = Mean time per level.
                   A        B        C        D        E       F      G
               +--------+--------+--------+--------+--------+-----+--------+
         Total |  17916 |  17247 |    669 |   4851 |   9892 |  16 | 1119.8 |
       Dungeon |  15929 |  15342 |    587 |   4154 |   9234 |  13 | 1225.3 |
        Temple |    171 |    113 |     58 |      0 |    104 |   1 |  171.0 |
  Orcish Mines |   1815 |   1792 |     23 |    697 |    554 |   2 |  907.5 |
               +--------+--------+--------+--------+--------+-----+--------+

Top non-repeatable levels by time:
     D:7: 2083 daAuts
    D:10: 1802 daAuts
     D:8: 1595 daAuts
    D:11: 1524 daAuts
     D:1: 1344 daAuts
     D:3: 1317 daAuts
     D:5: 1288 daAuts
     D:2: 1221 daAuts
     D:9: 1046 daAuts
    D:12: 1001 daAuts
   Orc:1: 910 daAuts
   Orc:2: 904 daAuts
     D:4: 863 daAuts
     D:6: 492 daAuts
    D:13: 347 daAuts
